AoeStats
← Smilie

Arabia

510812347Analyzed
1v1 RM · 22h ago on Oct 2, 2026· 49m 57s· 2 players
Game mode
Random Map
Map size
Tiny (2 player)
Population
200
Speed
Normal
Resources
Standard
Victory
Conquest
Starting age
Dark Age
Ending age
Imperial Age
RankedLock teamsTeams togetherTeam positionsShared explorationLock speedFull tech treeHidden civsTurbo modeCheats
Victory
Defeat
🇳🇱 Lithuanians · Netherlands
888
+16
🇷🇴 Lithuanians · Romania
880
-16
GRPo
2:18 Loom
8:32 Feudal Age
9:13 Double-Bit Axe
11:22 Horse Collar
14:09 Wheelbarrow
14:02 Fletching
14:14 Padded Archer Armor
17:57 Town Watch
18:54 Stone Mining
18:58 Gold Mining
20:29 Scale Mail Armor
20:42 Forging
21:38 Scale Barding Armor
25:03 Castle Age
24:41 Bloodlines
25:49 Squires
27:06 Bodkin Arrow
28:01 Bow Saw
28:35 Stone Mining
29:04 Pikeman
29:29 Arson
30:15 Heavy Plow
30:55 Husbandry
30:31 Light Cavalry
32:25 Thumb Ring
32:44 Chain Barding Armor
34:02 Hand Cart
33:15 Elite Skirmisher
35:02 Town Patrol
35:29 Hand Cart
37:59 Hill Forts
38:43 Stone Shaft Mining
38:51 Chain Mail Armor
39:42 Iron Casting
40:23 Murder Holes
43:33 Imperial Age
42:44 Masonry
42:25 Heated Shot
42:57 Ballistics
43:46 Heated Shot
43:35 Cavalier
44:53 Plate Barding Armor
44:20 Bracer
44:45 Conscription
43:53 Capped Ram
44:36 Halberdier
46:12 Hoardings
48:03 Chemistry
Smilie
5:57 Loom
9:22 Feudal Age
9:57 Double-Bit Axe
9:56 Horse Collar
17:27 Wheelbarrow
21:49 Castle Age
19:31 Man-at-Arms
28:08 Forging
28:04 Scale Barding Armor
29:51 Gold Mining
30:13 Bow Saw
30:07 Heavy Plow
34:20 Bloodlines
34:19 Husbandry
35:18 Stone Mining
36:28 Elite Skirmisher
42:56 Imperial Age
42:15 Iron Casting
42:36 Chain Barding Armor
43:15 Elite Leitis
44:16 Conscription
43:43 Cavalier
46:11 Plate Barding Armor
45:36 Padded Archer Armor
45:27 Fletching
Connection lost

Rejoining the realm…

Still unreachable

The connection could not be restored.

Session expired

The server has moved on; the page needs a fresh start.